 Dungeon Crawl Stone Soup version 0.27.1-1-g398f81649c (webtiles) character file.

Game seed: 1750312537891971720

9 MajorAdolf the Sneak (level 2, -2/25 HPs)
             Began as a Naga Wanderer on Sept 13, 2021.
             Killed from afar by a dart slug (4 damage)
             ... with a slug dart
             ... on level 1 of the Dungeon.
             The game lasted 00:03:28 (322 turns).

MajorAdolf the Sneak (Naga Wanderer)                 Turns: 322, Time: 00:03:28

Health: -2/25      AC:  1    Str: 13    XL:     2   Next: 12%
Magic:  3/3        EV:  9    Int: 12    God:
Gold:   0          SH:  0    Dex: 11    Spells: 2/3 levels left

rFire    . . .     SeeInvis +   a - +0 mace
rCold    . . .     Faith    .   (no shield)
rNeg     . . .     Spirit   .   b - +0 robe
rPois    +         Reflect  .   (no helmet)
rElec    .         Harm     .   (no cloak)
rCorr    .         Rampage  .   (no gloves)
Will     .....                  (no barding)
Stlth    ++........             (no amulet)
HPRegen  0.08/turn              (no ring)
MPRegen  0.08/turn              (no ring)

@: very slow
A: AC +0, large, see invisible, deformed body, poison resistance, slowness 2,
spit poison 1, naga tail 1
a: Spit Poison


You were on level 1 of the Dungeon.
You visited 1 branch of the dungeon, and saw 1 of its levels.

Inventory:

Hand Weapons
 a - a +0 mace (weapon)
 c - a +0 dagger
Armour
 b - a +0 robe (worn)
Scrolls
 d - 2 scrolls of teleportation {unknown}


   Skills:
 + Level 1.3 Fighting
 - Level 2.0 Axes
 - Level 1.5 Armour
 - Level 3.0 Stealth
 + Level 1.2 Spellcasting
 + Level 2.4 Necromancy


You had 2 spell levels left.
You knew the following spells:

 Your Spells              Type           Power      Damage    Failure   Level
a - Pain                  Necr           24%        1d5       11%         1

Your spell library contained the following spells:

 Spells                   Type           Power      Damage    Failure   Level
 Magic Dart               Conj           0%         1d3       30%         1
 Blink                    Tloc           N/A        N/A       41%         2
 Call Imp                 Summ           0%         N/A       41%         2
 Slow                     Hex            0%         N/A       41%         2
 Vampiric Draining        Necr           3%         2d6       32%         3
 Conjure Flame            Conj/Fire      0%         6-21      65%         3
 Mephitic Cloud           Conj/Pois/Air  0%         N/A       65%         3


Dungeon Overview and Level Annotations

Branches:
Dungeon (1/15)

Altars:


Innate Abilities, Weirdness & Mutations

Your serpentine skin is tough. (AC +0)
You have supernaturally acute eyesight. (SInv)
Armour fits poorly on your strangely shaped body.
Your system is resistant to poisons. (rPois)
You cover ground very slowly.
You can spit poison.
You have a snake-like lower body.


Message History

Aiming: Pain (safe; 11% risk of failure)
Press: ? - help, Shift-Dir - straight line, f/p - ball python
Aim: a ball python (heavily wounded, chance to affect: 68%)
The ball python struggles to resist.
Casting: Pain (safe; 11% risk of failure)
Confirm with . or Enter, or press ? or * to list all spells.
You don't have enough magic to cast this spell.
Unknown command.
You can't do that yet.
You don't have enough magic to cast this spell.
Unknown command.
You have got your breath back.
You thump the ball python!
You kill the ball python!
Okay, then.
You start resting.
A dart slug is nearby!
A dart slug is nearby!
A dart slug is nearby!
You start resting.
A dart slug is nearby!
Unknown command.
Unknown command.
Unknown command.
Unknown command.
Unknown command.
Unknown command.
The dart slug launches a dart at you. The slug dart hits you.
* * * LOW HITPOINT WARNING * * *
The dart slug launches a dart at you. The slug dart hits you.
* * * LOW HITPOINT WARNING * * *
You are too injured to fight recklessly!
Unknown command.
Unknown command.
Unknown command.
The dart slug launches a dart at you. The slug dart hits you.
You die...

###........ ##..........
#.......##8.
#.#....8##..
#.#.........
#...........
#...........
#############.#.........
#......@......##.....###
#......######.###...##
#......# #......##
#......# ########
#####......#
###...w....).#
####.........####
...(........##
..........#.#


You could see a dart slug.

Vanquished Creatures
  A dart slug (D:1)
  2 ball pythons (D:1)
  An endoplasm (D:1)
  A kobold (D:1)
  A rat (D:1)
6 creatures vanquished.

Notes
Turn   | Place    | Note
-------+----------+-------------------------------------------
     0 | D:1      | MajorAdolf the Naga Wanderer began the quest for the Orb.
     0 | D:1      | MajorAdolf set off with the following items: a +0 mace, a
                  | +0 robe, a +0 dagger; and the following spells available to
                  | memorise: Pain, Magic Dart, Blink, Call Imp, Slow, Vampiric
                  | Draining, Conjure Flame, Mephitic Cloud
     0 | D:1      | Reached XP level 1. HP: 18/18 MP: 2/2
     2 | D:1      | Learned a level 1 spell: Pain
   232 | D:1      | Reached XP level 2. HP: 3/25 MP: 0/3
   322 | D:1      | Killed from afar by a dart slug

Illustrated notes

Levels and vault maps discovered:
D:1:      eino_arrival_cavern_d, layout_rooms, minivault_5,
          minmay_shallow_snake_nest

Action                   || total
-------------------------++-------
Melee: Mace              ||     7
 Cast: Pain              ||     8
 Abil: Spit Poison       ||     8
Dodge: Dodged            ||     5
